 Dungeon Crawl Stone Soup version 0.18.1-48-g4cf74bf (webtiles) character file.

667 tyranidshit the Skirmisher (level 7, 0/72 HPs)
             Began as a Deep Dwarf Necromancer on July 19, 2016.
             Was an Initiate of Makhleb.
             Killed from afar by Galewind's ghost (32 damage)
             ... with an orb of energy
             ... on level 4 of the Dungeon.
             The game lasted 00:12:38 (3141 turns).

tyranidshit the Skirmisher (Deep Dwarf Necromancer) Turns: 3141, Time: 00:12:39

Health: 0/72       AC: 10    Str: 15    XL:     7   Next: 31%
Magic:  6/6        EV:  3    Int: 16    God:    Makhleb [......]
Gold:   113        SH:  0    Dex: 13    Spells: 1 memorised, 8 levels left

rFire  . . .     SeeInvis .     k - +2 whip (holy)
rCold  . . .     Gourm    .     a - +0 plate armour
rNeg   . . .     Faith    .     (no shield)
rPois  .         Spirit   .     (no helmet)
rElec  .         Dismiss  .     (no cloak)
rCorr  .         Reflect  .     (no gloves)
SustAt .         Harm     .     (no boots)
MR     +....                    (no amulet)
Stlth  ..........               (no ring)
                                (no ring)

@: non-regenerating, heavily drained, somewhat resistant to hostile
enchantments, extremely unstealthy
A: damage resistance, recharge devices, sense surroundings 1, slow regeneration
3, strong 1
a: Device Recharging, Renounce Religion


You were on level 4 of the Dungeon.
You worshipped Makhleb.
Makhleb was noncommittal.
You were not hungry.

You visited 2 branches of the dungeon, and saw 5 of its levels.

You collected 113 gold pieces.

Inventory:

Hand Weapons
 k - a +2 whip of holy wrath (weapon)
Armour
 a - a +0 plate armour (worn)
 l - a +0 scale mail
Wands
 c - a wand of heal wounds (4/9)
Scrolls
 d - a scroll of teleportation
 h - a scroll of remove curse
 q - a scroll of fog
 r - a scroll of identify
Potions
 e - a potion of curing
 f - 2 potions of lignification
 n - a potion of degeneration {unknown}
 o - a potion of heal wounds {unknown}
Books
 b - a book of Necromancy

   Spells                             Type                      Level
   a - Pain                           Necromancy                   1
   b - Animate Skeleton               Necromancy                   1
   c - Vampiric Draining              Necromancy                   3
   d - Regeneration                   Charms/Necromancy            3
   e - Animate Dead                   Necromancy                   4
   f - Control Undead                 Necromancy                   4
Comestibles
 g - 3 meat rations
 j - 3 fruits
 m - a slice of pizza


   Skills:
 + Level 7.2(4.6) Fighting
 - Level 2.1(0.0) Dodging
 - Level 2.4(0.1) Stealth
 - Level 1.7(0.0) Spellcasting
 - Level 4.3(1.9) Necromancy


You had 8 spell levels left.
You knew the following spells:

 Your Spells              Type           Power        Failure   Level  Hunger
a - Pain                  Necr           #...         100%        1    ##.....


Dungeon Overview and Level Annotations

Branches:
Dungeon (4/15)             Temple (1/1) D:4

Altars:
Ashenzari
Dithmenos
Elyvilon
Fedhas
Kikubaaqudgha
Makhleb
Nemelex Xobeh
Okawaru
Pakellas
Ru
Sif Muna
Trog
Vehumet
Xom
The Shining One

Shops:
D:4 (

Annotations:
D:4 Galewind's ghost, novice DECj


Innate Abilities, Weirdness & Mutations

You are resistant to damage.
You can recharge devices by infusing magical energy.
You passively map a small area around you.
You do not regenerate naturally.
Your muscles are strong. (Str +2)


Message History

Galewind's ghost casts a spell at you. The orb of energy hits you!
* * * LOW HITPOINT WARNING * * *
Galewind's ghost whispers, "Everlasting silence awaits you..."
You hit Galewind's ghost.
Galewind's ghost convulses.
Galewind's ghost is lightly damaged.
Galewind's ghost hits you but does no damage.
You hit Galewind's ghost but do no damage.
Galewind's ghost is lightly damaged.
Galewind's ghost hits you but does no damage.
Galewind's ghost barely misses you.
Evoke which item? (* to show all) (? for menu, Esc to quit)
Zapping:
c - a wand of heal wounds (5/9)
Press: ? - help, Shift-Dir - straight line, f - you You feel much better.
This wand has 4 charges left.
Galewind's ghost hits you.
You hit Galewind's ghost.
Galewind's ghost convulses.
Galewind's ghost is heavily damaged.
Galewind's ghost casts a spell at you. The orb of energy hits you!
You die...

#........†)......##
##.....#####).....# ##.....##
####..## ##.......# ##..#
##........### #..## ##
##...###.....## #..# .## ##...##
##.....####..# ..###....#
##......#..## ...#....##
#.@.......# .......##
##.W......# ........####
#.......## *
...........######......## * ,
.....#......g..##.......# ##
#...######..............###*#...
#...## #####............##....
.....# ####..............#
.....## #..............#


You could see Galewind's ghost.

Vanquished Creatures
  A phantom (D:3)
  An ogre (D:4)
  The ghost of Typee the Conjurer, an amateur OpCj (D:3)
  2 orc wizards
  A centaur skeleton (D:4)
  An orc priest (D:3)
  A gnoll shaman (D:4)
  2 worker ants (D:4)
  7 gnolls
  A howler monkey skeleton (D:4)
  6 adders
  An ooze (D:2)
  2 worms (D:2)
  A dart slug (D:1)
  2 giant geckos
  10 orcs (D:3)
  A ball python (D:1)
  7 giant cockroaches
  13 goblins
  5 hobgoblins
  4 jackals (D:1)
  A quokka (D:3)
  9 bats
  2 giant newts (D:1)
  9 kobolds
  6 rats
97 creatures vanquished.

Notes
Turn   | Place    | Note
--------------------------------------------------------------
     0 | D:1      | tyranidshit the Deep Dwarf Necromancer began the quest for the Orb.
     0 | D:1      | Reached XP level 1. HP: 15/15 MP: 3/3
    44 | D:1      | Reached skill level 1 in Fighting
    56 | D:1      | Reached XP level 2. HP: 10/25 MP: 0/4
   181 | D:1      | Reached skill level 2 in Fighting
   248 | D:1      | Gained mutation: Your muscles are strong. (Str +2) [potion of beneficial mutation]
   365 | D:1      | Reached XP level 3. HP: 33/33 MP: 5/5
   923 | D:2      | Reached skill level 3 in Fighting
  1036 | D:2      | Reached XP level 4. HP: 31/42 MP: 6/6
  1115 | D:2      | Found a shimmering altar of Xom.
  1418 | D:2      | Reached skill level 4 in Fighting
  1820 | D:3      | Noticed Typee's ghost (amateur OpCj)
  1820 | D:3      | HP: 2/44 [Typee's ghost/magic dart (9)]
  1848 | D:3      | Reached XP level 5. HP: 27/51 MP: 6/6
  1906 | D:3      | Killed Typee's ghost
  1906 | D:3      | Reached skill level 5 in Fighting
  2183 | D:3      | Reached XP level 6. HP: 19/61 MP: 7/7
  2536 | D:4      | Found Fidi's Antique Weapon Boutique.
  2616 | D:3      | Reached skill level 6 in Fighting
  2823 | D:4      | Found a staircase to the Ecumenical Temple.
  2829 | Temple   | Entered the Ecumenical Temple
  2860 | Temple   | Became a worshipper of Makhleb the Destroyer
  2977 | D:4      | Reached XP level 7. HP: 32/70 MP: 7/7
  2998 | D:4      | Reached skill level 7 in Fighting
  3134 | D:4      | Noticed Galewind's ghost (novice DECj)
  3141 | D:4      | Killed from afar by Galewind's ghost

Skill      XL: |  1  2  3  4  5  6  7 |
---------------+----------------------+-----
Fighting       | 1 2 3 4 5 6 7 |  7.2
Dodging        | |  2.1
Stealth        | |  2.4
Spellcasting   | |  1.7
Necromancy     | |  4.3

Action                   |  1- 3 |  4- 6 |  7- 9 || total
-------------------------+-------+-------+-------++-------
Melee: Short sword       |    68 |       |       ||    68
       Hand axe          |    60 |    31 |       ||    91
       Whip              |       |   299 |    48 ||   347
 Cast: Pain              |    18 |     1 |       ||    19
 Abil: Device Recharging |       |     2 |     1 ||     3
Evoke: Wand              |     2 |     9 |     4 ||    15
  Use: Scroll            |     5 |     4 |     2 ||    11
       Potion            |     2 |       |       ||     2
  Eat: Pizza             |     1 |       |       ||     1
       Bread ration      |       |     2 |       ||     2
Armor: Robe              |    31 |       |       ||    31
       Leather armour    |     6 |       |       ||     6
       Scale mail        |    46 |    80 |       ||   126
       Plate armour      |       |   227 |    33 ||   260
Dodge: Dodged            |   107 |   133 |    12 ||   252
